 Dungeon Crawl Stone Soup version 0.28.0-47-ge53b351184 (webtiles) character file.

Game seed: 2523837879245815318

73 RatsInWalls the Changer (level 4, 0/33 HPs)
             Began as a Demonspawn Wanderer on May 9, 2022.
             Succumbed to a hobgoblin's poison
             ... on level 2 of the Dungeon.
             The game lasted 00:04:58 (1054 turns).

RatsInWalls the Changer (Demonspawn Wanderer)       Turns: 1054, Time: 00:04:58

Health: 0/33       AC:  5    Str: 12    XL:     4   Next: 8%
Magic:  6/6        EV: 10    Int: 16    God:
Gold:   102        SH:  0    Dex: 12    Spells: 5/6 levels left

rFire   . . .      SeeInvis .   a - +0 shortbow
rCold   . . .      Faith    .   (shield currently unavailable)
rNeg    . . .      Spirit   .   c - +0 ring mail
rPois   .          Reflect  .   (no helmet)
rElec   .          Harm     .   (no cloak)
rCorr   .          Rampage  .   (no gloves)
Will    .....                   (no boots)
Stlth   +.........              (no amulet)
HPRegen 0.11/turn               (no ring)
MPRegen 0.10/turn               (no ring)

@: lethally poisoned (0 -> -8)
A: demonic guardian 1, spiny 1
a: no special abilities


You were on level 2 of the Dungeon.
You visited 1 branch of the dungeon, and saw 2 of its levels.

You collected 102 gold pieces.

Inventory:

Hand Weapons
 a - a +0 shortbow (weapon)
 e - a +0 dagger
Missiles
 b - 15 arrows (quivered ammo)
Armour
 c - a +0 ring mail (worn)
Magical Staves
 j - a staff of conjuration
Scrolls
 d - a scroll of magic mapping {unknown}
 f - 3 scrolls of teleportation {unknown}
 h - a scroll of blinking {unknown}
 i - a scroll of silence {unknown}


   Skills:
 + Level 1.9 Fighting
 + Level 1.7 Bows
 + Level 3.1 Armour
 + Level 1.2 Dodging
 + Level 1.7 Spellcasting
 - Level 3.6 Transmutations


You had 5 spell levels left.
You knew the following spells:

 Your Spells              Type           Power      Damage    Failure   Level
a - Sting                 Tmut/Pois      28%        1d4       22%         1

Your spell library contained the following spells:

 Spells                   Type           Power      Damage    Failure   Level
 Wereblood                Tmut           12%        N/A       16%         2
 Passwall                 Tmut/Erth      5%         N/A       32%         2


Dungeon Overview and Level Annotations

Branches:
Dungeon (2/15)

Altars:


Innate Abilities, Weirdness & Mutations

A weak demonic guardian rushes to your aid.
You are partially covered in sharp spines.


Message History

Unknown command.
You start resting.
* * * LOW HITPOINT WARNING * * *
You feel sick.
You start resting.
You feel sick. x5
You are no longer poisoned.
You start resting.
You start to feel less resistant.
You start resting.
Your resistance to elements expires.
You start resting.
A kobold comes into view. It is wielding a +0 club.
Fire: 18 arrows
Press: ? - help, Q - select action, (/) - cycle Shift-Dir - straight line, f - kobold
Aim: a kobold, wielding a +0 club (wandering, hasn't noticed you, 47% to hit)
You shoot an arrow. The kobold shouts!
The arrow hits the kobold.
You kill the kobold!
You hear a shout!
You start resting.
A hobgoblin comes into view. It is quivering poisoned darts.
Fire: 17 arrows
Press: ? - help, Q - select action, (/) - cycle Shift-Dir - straight line, f - hobgoblin
Aim: a hobgoblin, wearing a ring of fire and quivering poisoned darts (56% to hit)
You shoot an arrow. The arrow hits the hobgoblin.
The hobgoblin is heavily wounded.
The hobgoblin throws a poisoned dart.
The poisoned dart hits you!
You are lethally poisoned!
Fire: 16 arrows
Press: ? - help, Q - select action, (/) - cycle Shift-Dir - straight line, f/p - hobgoblin
Aim: a hobgoblin, wearing a ring of fire and quivering poisoned darts (heavily wounded, 56% to hit)
You shoot an arrow. The arrow hits the hobgoblin.
You kill the hobgoblin!
* * * LOW HITPOINT WARNING * * *
You feel very sick.
Unknown command.
You aren't carrying any potions.
Okay, then.
You die...

.... #........#######
###..##........)...... .
#(#...#...............
.. #.##.................
... #.#.....†..<........
... #.##.............##
..#.. #(#.....#.....>...
......##.####...........
#(..@#...#...........
#.#..#...#...........
....#...#...........
....##.####...........
..#... #.....#.........
....##.##...............
.... #.................
..# #.........).......
...................


There were no monsters in sight!

Vanquished Creatures
  2 adders (D:2)
  A worm (D:2)
  A dart slug (D:1)
  5 bats
  5 endoplasms
  A giant cockroach (D:2)
  3 hobgoblins
  3 jackals (D:2)
  A quokka (D:2)
  2 ball pythons
  3 frilled lizards
  5 goblins
  8 kobolds
40 creatures vanquished.

Vanquished Creatures (collateral kills)
  A bat (D:1)
  An endoplasm (D:1)
  A goblin (D:1)
3 creatures vanquished.

Vanquished Creatures (others)
  A fungus (D:2)
1 creature vanquished.

Grand Total: 44 creatures vanquished

Notes
Turn   | Place    | Note
-------+----------+-------------------------------------------
     0 | D:1      | RatsInWalls the Demonspawn Wanderer began the quest for the
                  | Orb.
     0 | D:1      | RatsInWalls set off with the following items: a +0
                  | shortbow, 21 arrows, a +0 ring mail; and the following
                  | spell memorised: Sting; and the following spells available
                  | to memorise: Wereblood, Passwall
     0 | D:1      | Reached XP level 1. HP: 15/15 MP: 2/2
    86 | D:1      | Gained mutation: A weak demonic guardian rushes to your
                  | aid. [demonic ancestry]
    86 | D:1      | Reached XP level 2. HP: 17/21 MP: 3/3
   557 | D:1      | Gained mutation: You are partially covered in sharp spines.
                  | [demonic ancestry]
   557 | D:1      | Reached XP level 3. HP: 26/26 MP: 5/5
   600 | D:1      | Reached skill level 1 in Dodging
  1008 | D:2      | Reached XP level 4. HP: 10/33 MP: 6/6
  1054 | D:2      | Succumbed to a hobgoblin's poison

Illustrated notes

Levels and vault maps discovered:
D:1:      lemuel_arrival_muddy, layout_basic, minmay_nonomino_d4
D:2:      layout_basic, shapermc_ecumenical_altar_starsandcircs, serial_shops,
          shop, minmay_misc_feat_doors, corexii_item_surrounded_by_moat,
          minmay_vboxes, uniq_crazy_yiuf_cottage

Skill      XL: |  1  2  3 |
---------------+----------+-----
Dodging        | 1 |  1.2
Armour         | 3 |  3.1
Fighting       | |  1.9
Bows           | |  1.7
Spellcasting   | |  1.7
Transmutations | |  3.6

Action                   |  1- 3 |  4- 6 || total
-------------------------+-------+-------++-------
Melee: Shortbow          |     1 |       ||     1
 Fire: Shortbow          |   108 |     3 ||   111
  Use: Potion            |       |     1 ||     1
Armor: Ring mail         |    22 |       ||    22
Dodge: Dodged            |    17 |       ||    17
